 Dungeon Crawl Stone Soup version 0.27-a0-1319-geec4fb4e21 (webtiles) character file.

Game seed: 8820413011052976911

16 dickylongcocking the Insei (level 2, 0/18 HPs)
             Began as an Octopode Transmuter on June 21, 2021.
             Slain by a ball python (1 damage)
             ... on level 1 of the Dungeon.
             The game lasted 00:00:25 (471 turns).

dickylongcocking the Insei (Octopode Transmuter)     Turns: 471, Time: 00:00:26

Health: 0/18       AC:  1    Str:  9    XL:     2   Next: 58%
Magic:  5/5        EV: 10    Int: 15    God:
Gold:   37         SH:  0    Dex: 12    Spells: 4/5 levels left

rFire    . . .     SeeInvis .     - Unarmed
rCold    . . .     Faith    .   (no shield)
rNeg     . . .     Spirit   .   (helmet restricted)
rPois    .         Reflect  .   (no amulet)
rElec    .         Harm     .   (no ring)
rCorr    .         Rampage  .   (no ring)
Will     .....                  (no ring)
Stlth    ++........             (no ring)
HPRegen  0.06/turn              (no ring)
MPRegen  0.09/turn              (no ring)
                                (no ring)
                                (no ring)

@: constricted
A: almost no armour, amphibious, 8 rings, camouflage 1, gelatinous body 1,
(nimble swimmer 1), tentacles
a: no special abilities


You were on level 1 of the Dungeon.
You visited 1 branch of the dungeon, and saw 1 of its levels.

You collected 37 gold pieces.

Inventory:

Scrolls
 b - a scroll of noise {unknown}
Potions
 a - a potion of haste {unknown}
 c - a potion of brilliance {unknown}


   Skills:
 - Level 1.0 Fighting
 - Level 2.0 Dodging
 * Level 3.8 Unarmed Combat
 - Level 2.0 Spellcasting
 - Level 2.0 Transmutations


You had 4 spell levels left.
You knew the following spells:

 Your Spells              Type           Power      Damage    Failure   Level
a - Beastly Appendage     Tmut           14%        N/A       10%         1

Your spell library contained the following spells:

 Spells                   Type           Power      Damage    Failure   Level
 Wereblood                Tmut           7%         N/A       14%         2
 Spider Form              Tmut/Pois      2%         N/A       41%         3
 Ice Form                 Ice/Tmut       4%         N/A       82%         4


Dungeon Overview and Level Annotations

Branches:
Dungeon (1/15)

Altars:

Shops:
D:1 *


Innate Abilities, Weirdness & Mutations

You cannot wear most types of armour.
You are amphibious.
You can wear up to eight rings at the same time.
Your skin changes colour to match your surroundings (Stealth+).
Your rubbery body absorbs attacks. (AC +1, EV +1)
((You are camouflaged near water. (Stealth+)))
You have tentacles for arms and can constrict up to eight enemies at once.


Message History

You barely miss the jackal. You grab the jackal.
You constrict the jackal, but do no damage.
The ball python closely misses you. x2; The jackal bites you.
The ball python barely misses you. The ball python closely misses you.
You tentacle-slap the jackal.
The jackal is severely wounded.
You constrict the jackal, but do no damage.
The jackal bites you. x2; The ball python barely misses you.
The ball python misses you.
You tentacle-slap the jackal but do no damage.
You squeeze the jackal, but do no damage.
The jackal is severely wounded.
You constrict the jackal.
You kill the jackal!
The ball python closely misses you. The ball python grabs you.
The ball python constricts you.
You tentacle-slap the ball python. Your grab misses the ball python.
You squeeze the ball python, but do no damage.
The ball python is moderately wounded.
The ball python closely misses you. The ball python constricts you.
You tentacle-slap the ball python but do no damage.
Your grab misses the ball python.
The ball python is moderately wounded.
The ball python bites you.
* * * LOW HITPOINT WARNING * * *
x2 The ball python constricts you.
A ball python is nearby!
You are too injured to fight recklessly!
A ball python is nearby!
You are too injured to fight recklessly!
A ball python is nearby!
You closely miss the ball python. Your grab misses the ball python.
The ball python is moderately wounded.
The ball python bites you.
* * * LOW HITPOINT WARNING * * *
x2 The ball python constricts you.
You closely miss the ball python. Your grab misses the ball python.
The ball python is moderately wounded.
The ball python closely misses you.
You die...

#. #.# ≈≈≈ #.##.# ≈≈≈
..... ≈≈ #.....≈ #...#.
#.... #...#####
#..†S...# . ###@#####
##. ##.## ..# #...# #.#
#...# ... #...# ### #.#
#...# ####♣.###.#
.####...#####..♣(♣.##.#
.............#♣.♣##...#
............###..♣##...


You could see a ball python.

Vanquished Creatures
  A dart slug (D:1)
  2 ball pythons (D:1)
  An endoplasm (D:1)
  A giant cockroach (D:1)
  A goblin (D:1)
  2 jackals (D:1)
  3 bats (D:1)
  3 frilled lizards (D:1)
  A rat (D:1)
15 creatures vanquished.

Notes
Turn   | Place    | Note
-------+----------+-------------------------------------------
     0 | D:1      | dickylongcocking the Octopode Transmuter began the quest
                  | for the Orb.
     0 | D:1      | Reached XP level 1. HP: 13/13 MP: 3/3
   137 | D:1      | Reached XP level 2. HP: 14/18 MP: 5/5
   137 | D:1      | Found Gusarix's General Store.
   471 | D:1      | Slain by a ball python

Illustrated notes

Levels and vault maps discovered:
D:1:      pf_arrival_petrified_forest, layout_loops_cross, serial_shops,
          nicolae_lakefront_shop, nicolae_lakefront_shop, nicolae_shop_crystal,
          nicolae_shop_waterfront, shop, shapermc_ecumenical_altar_venn,
          st_stairs_4

Action                   || total
-------------------------++-------
Melee: Unarmed           ||    43
       Constrict         ||    13
       Tentacles         ||     8
       Punch             ||     1
Armor: Skin              ||     9
Dodge: Dodged            ||    60

Table legend: (Time is in decaauts)
 A = Elapsed time spent in this place.
 B = Non-inter-level travel time spent in this place.
 C = Inter-level travel time spent in this place.
 D = Time resting spent in this place.
 E = Time spent auto-exploring this place.
 F = Levels seen in this place.
 G = Mean time per level.
                   A        B        C        D        E       F      G
               +--------+--------+--------+--------+--------+-----+--------+
         Total |    467 |    467 |      0 |      0 |    379 |   1 |  467.0 |
       Dungeon |    467 |    467 |      0 |      0 |    379 |   1 |  467.0 |
               +--------+--------+--------+--------+--------+-----+--------+

Top non-repeatable levels by time:
     D:1: 467 daAuts
